 Dungeon Crawl Stone Soup version 0.28.0-53-g5a82cb258f (webtiles) character file.

Game seed: 10179008184842676351

3525 Plasmagod the Covered (level 10, -1/51 HPs)
             Began as a Vine Stalker Fighter on July 28, 2022.
             Was a Follower of Makhleb.
             Slain by a wolf (6 damage)
             ... in a bailey.
             The game lasted 00:15:20 (6631 turns).

Plasmagod the Covered (Vine Stalker Fighter)        Turns: 6631, Time: 00:15:20

Health: -1/51      AC: 17    Str: 24    XL:     10   Next: 8%
Magic:  0/13       EV:  7    Int:  8    God:    Makhleb [*.....]
Gold:   377        SH:  5    Dex: 13    Spells: 9/9 levels left

rFire   . . .      SeeInvis .   e - +4 flail (protect)
rCold   . . .      Faith    .   c - +0 buckler
rNeg    . . .      Spirit   +   m - +0 plate armour
rPois   .          Reflect  .   (no helmet)
rElec   .          Harm     .   q - +0 cloak
rCorr   +          Rampage  .   (no gloves)
Will    +....                   t - +2 pair of boots
Stlth   ..........              (no amulet)
HPRegen 0.97/turn               r - ring of resist corrosion
MPRegen 0.13/turn               (no ring)

@: no status effects
A: fangs 3, regeneration 1, magic shield, antimagic bite, no potion heal 2
a: Renounce Religion


You were in a bailey.
You worshipped Makhleb.
Makhleb was aware of your devotion.
You visited 2 branches of the dungeon, and saw 8 of its levels.
You also visited: Sewer and Bailey.

You collected 377 gold pieces.

Inventory:

Hand Weapons
 a - a +0 long sword
 e - a +4 flail of protection (weapon)
 j - a +2 short sword of electrocution
Armour
 c - a +0 buckler (worn)
 m - a +0 plate armour (worn)
 q - a +0 cloak (worn)
 t - a +2 pair of boots (worn)
Jewellery
 r - a ring of resist corrosion (left hand)
Wands
 w - a wand of charming (20)
Scrolls
 i - 4 scrolls of blinking
 o - 2 scrolls of fog
 s - a scroll of holy word {unknown}
 y - 2 scrolls of identify
Potions
 b - a potion of magic {unknown}
 d - 2 potions of might
 f - a potion of haste {unknown}
 g - 2 potions of flight {unknown}
 h - a potion of degeneration {unknown}
 k - a potion of brilliance {unknown}
 l - a potion of attraction {unknown}
 n - a potion of curing
 u - a potion of cancellation {unknown}
 v - a potion of berserk rage {unknown}
 x - a potion of lignification {unknown}


   Skills:
 + Level 4.9 Fighting
 + Level 5.8(6.2) Short Blades
 + Level 3.2(5.0) Long Blades
 + Level 4.2 Maces & Flails
 + Level 1.1 Throwing
 + Level 6.8 Armour
 + Level 1.8 Dodging
 + Level 0.9 Stealth
 + Level 5.3 Shields
 * Level 2.6 Invocations


You had 9 spell levels left.
You didn't know any spells.
Your spell library contained the following spells:

 Spells                   Type           Power      Damage    Failure   Level
 Apportation              Tloc           0%         N/A       100%        1
 Sandblast                Erth           0%         2d4       100%        1
 Ensorcelled Hibernation  Hex/Ice        0%         N/A       100%        2
 Passwall                 Tmut/Erth      0%         N/A       100%        2
 Spider Form              Tmut/Pois      0%         N/A       100%        3
 Stone Arrow              Conj/Erth      0%         3d7       100%        3
 Anguish                  Hex/Necr       0%         N/A       100%        4
 Alistair's Intoxication  Tmut/Pois      0%         N/A       100%        5


Dungeon Overview and Level Annotations

Branches:
Dungeon (7/15)             Temple (1/1) D:7           Sewer (visited)
 Bailey (1/1)

Altars:
Ashenzari
Cheibriados
Dithmenos
Elyvilon
Fedhas
Gozag
Hepliaklqana
Kikubaaqudgha
Makhleb
Nemelex Xobeh
Okawaru
Qazlal
Ru
Sif Muna
Trog
Uskayaw
Wu Jian
Xom
Yredelemnul
Zin
The Shining One

Shops:
D:7 (

Annotations:
Bailey Grum


Innate Abilities, Weirdness & Mutations

You have razor-sharp teeth.
Your natural rate of healing is unusually fast.
When hurt, damage is shared between your health and your magic reserves.
Your bite disrupts and absorbs the magic of your enemies.
Potions cannot restore your health.


Message History

You block the wolf's attack. x2
You sock the wolf!
Your weapon exudes an aura of protection.
You kill the wolf!
Makhleb accepts your kill. The wolf bites you.
* * * LOW HITPOINT WARNING * * *
The gnoll sergeant hits you but does no damage.
The gnoll shaman calls upon its god to speed up Grum.
Grum seems to speed up.
The wolf bites you.
* * * LOW HITPOINT WARNING * * *
The gnoll sergeant hits you but does no damage.
You block the wolf's attack.
The gnoll sergeant hits you from afar with a +0 halberd!
* * * LOW HITPOINT WARNING * * *
The wolf completely misses you. You block the wolf's attack.
Items here: )) [[.
The gnoll sergeant hits you but does no damage.
There is an open door here.
The wolf bites you but does no damage.
You hit the wolf.
Your weapon exudes an aura of protection.
You bite the wolf, but do no damage.
The wolf is moderately wounded.
The wolf bites you but does no damage. The gnoll sergeant barely misses you.
The wolf bites you.
* * * LOW HITPOINT WARNING * * *
The wolf barely misses you.
The gnoll sergeant hits you but does no damage.
There is an open door here.
You closely miss the wolf.
The wolf is moderately wounded.
The wolf bites you but does no damage. You block the gnoll sergeant's attack.
The wolf bites you.
* * * LOW HITPOINT WARNING * * *
The gnoll sergeant hits you from afar with a +0 halberd.
* * * LOW HITPOINT WARNING * * *
The wolf bites you!
You die...

♣♣≈≈.. ♣.≈..# ...≈♣ ♣.≈..#
#..≈♣ ..≈..# #..≈♣ ..≈..#
##### #..≈♣ ..≈..# ##...##
#..≈♣
..≈..######.....###+##..≈♣
..)..'.).#.......#......≈♣
..(..'.))')..8..@h).....≈♣
.)...'.).#.......#g.....≈♣
..≈..######.....###g##..≈♣
..≈..# + ##...##g)g.#..≈♣
..≈..# #...#####.g...#..≈♣
..≈..# #(...g'g......#..≈♣
♣.≈..# #....g#......##..≈♣
♣.≈..# #.8.g #...8.##...≈♣
♣♣≈≈.. #### ####### ..≈≈♣


You could see 2 gnoll sergeants and a wolf.

Vanquished Creatures
  4 centaur zombies
  A cyclops (D:7)
  Eustachio (D:6)
  Edmund (D:6)
  An ice beast (D:5)
  A sky beast (D:5)
  2 necrophages
  3 centaurs
  An ogre (D:5)
  2 wolves (Bailey)
  A phantom (D:6)
  2 gnoll sergeants (Bailey)
  3 bullfrogs
  3 scorpions
  A water moccasin skeleton (D:5)
  4 killer bees (D:7)
  A howler monkey (D:3)
  2 jellies (D:6)
  An orc priest (D:6)
  4 hounds
  A centaur skeleton (D:6)
  2 gnoll shamans (Bailey)
  4 iguanas
  2 orc wizards (D:6)
  A hound zombie (D:5)
  10 gnolls (Bailey)
  11 adders
  A howler monkey skeleton (D:7)
  An ufetubus (D:5)
  A worm (D:2)
  A dart slug (D:1)
  11 orcs
  5 bats
  10 endoplasms
  11 giant cockroaches
  8 goblins
  7 hobgoblins
  10 jackals
  9 quokkas
  12 ball pythons
  13 frilled lizards
  9 kobolds
  3 rats
182 creatures vanquished.

Vanquished Creatures (others)
  An orc wizard (D:6)
  A fungus (D:1)
  2 plants (D:1)
4 creatures vanquished.

Grand Total: 186 creatures vanquished

Notes
Turn   | Place    | Note
-------+----------+-------------------------------------------
     0 | D:1      | Plasmagod the Vine Stalker Fighter began the quest for the
                  | Orb.
     0 | D:1      | Reached XP level 1. HP: 11/11 MP: 2/2
   180 | D:1      | Found a faded altar of an unknown god.
   478 | D:1      | Reached XP level 2. HP: 13/16 MP: 3/3
  1178 | D:1      | Reached XP level 3. HP: 19/19 MP: 4/4
  1955 | D:3      | Noticed a necrophage
  1968 | D:3      | Killed a necrophage
  1969 | D:3      | Reached skill level 3 in Armour
  1969 | D:3      | Gained mutation: Your natural rate of healing is unusually
                  | fast. [Vine Stalker growth]
  1969 | D:3      | Reached XP level 4. HP: 20/24 MP: 5/5
  1969 | D:3      | Reached XP level 5. HP: 23/28 MP: 6/6
  2100 | D:3      | Identified the +1 robe of Dust Devil {-Tele rPois Will+}
  2204 | D:3      | Found a glowing drain.
  2245 | Sewer    | Entered a sewer
  2274 | Sewer    | Reached skill level 1 in Short Blades
  2306 | Sewer    | Reached XP level 6. HP: 32/32 MP: 7/7
  2478 | Sewer    | Reached skill level 1 in Dodging
  3101 | D:3      | Reached XP level 7. HP: 36/36 MP: 8/8
  3741 | D:4      | Reached skill level 4 in Armour
  4229 | D:5      | Entered Level 5 of the Dungeon
  4392 | D:5      | Gained mutation: You have razor-sharp teeth. [Vine Stalker
                  | growth]
  4392 | D:5      | Reached XP level 8. HP: 40/40 MP: 9/9
  4488 | D:5      | Reached skill level 5 in Armour
  4638 | D:5      | Reached skill level 5 in Short Blades
  5300 | D:6      | Reached XP level 9. HP: 45/45 MP: 10/10
  5499 | D:6      | Noticed Edmund
  5523 | D:6      | Killed Edmund
  5524 | D:6      | Reached skill level 6 in Armour
  5631 | D:6      | Noticed Eustachio
  5664 | D:6      | HP: 2/45 [poisoned by Eustachio]
  5698 | D:6      | Killed Eustachio
  5699 | D:6      | Reached skill level 5 in Shields
  5754 | D:6      | Reached skill level 1 in Maces & Flails
  5917 | D:7      | Noticed a cyclops
  6098 | D:7      | Found a staircase to the Ecumenical Temple.
  6121 | Temple   | Entered the Ecumenical Temple
  6222 | Temple   | Became a worshipper of Makhleb the Destroyer
  6335 | D:7      | Noticed Menkaure
  6355 | D:7      | Found Noesamn's Antique Weapon Boutique.
  6377 | D:7      | Killed a cyclops
  6378 | D:7      | Reached skill level 1 in Invocations
  6424 | D:7      | Found a flagged portal.
  6437 | Bailey   | Entered a bailey
  6530 | Bailey   | Reached XP level 10. HP: 17/51 MP: 8/12
  6600 | Bailey   | Reached skill level 1 in Throwing
  6611 | Bailey   | Noticed Grum
  6616 | Bailey   | Reached * piety under Makhleb
  6631 | Bailey   | Slain by a wolf

Illustrated notes

Levels and vault maps discovered:
D:1:      ebering_trefoil_3fold, layout_basic, shapermc_ecumenical_altar_ellora,
          minmay_misc_feat_ornament
D:2:      layout_rooms
D:3:      layout_basic, gup_sewer_entry_glass, serial_aquarium,
          aquarium_bridge_straight [aquarium_subvault_bridge,
          aquarium_subvault_wall, aquarium_subvault_bridge,
          aquarium_subvault_wall], aquarium_bridge_island_small
          [aquarium_subvault_small_open, aquarium_subvault_bridge,
          aquarium_subvault_bridge, aquarium_subvault_window,
          aquarium_subvault_bridge], aquarium_window_2, aquarium_window_corner,
          aquarium_view_2d, aquarium_view_2c
D:4:      layout_basic, minmay_misc_feat_chi
D:5:      layout_layer_cave
D:6:      layout_basic, uniq_eustachio, uniq_edmund
D:7:      layout_basic, temple_pool_b, enter_bailey_4, serial_shops, shop,
          nicolae_shop_trees, uniq_menkaure
Temple:   minmay_crystal_snake_temple
Bailey:   bailey_polearm_gnolls_kennysheep, bailey

Skill      XL: |  1  2  3  4  5  6  7  8  9 10 |
---------------+-------------------------------+-----
Long Blades    | 2 3 |  3.2
Fighting       | 3 4 |  4.9
Shields        | 3 4 5 |  5.3
Armour         | 3 4 5 6 |  6.8
Short Blades   | 1 2 4 5 |  5.8
Dodging        | 1 |  1.8
Maces & Flails | 4 |  4.2
Invocations    | 2 |  2.6
Throwing       | 1 |  1.1
Stealth        | |  0.9

Action                   |  1- 3 |  4- 6 |  7- 9 | 10-12 || total
-------------------------+-------+-------+-------+-------++-------
Melee: Long sword        |    77 |       |       |       ||    77
       Bite              |    27 |    33 |    93 |     5 ||   158
       Short sword       |    35 |   151 |   150 |       ||   336
       Flail             |       |       |   164 |    15 ||   179
Throw: Javelin           |       |       |    16 |    14 ||    30
  Use: Scroll            |       |       |     8 |       ||     8
       Potion            |       |       |     2 |       ||     2
Armor: Scale mail        |    63 |    62 |       |       ||   125
       Plate armour      |       |     5 |   346 |    46 ||   397
Dodge: Dodged            |    41 |    56 |   125 |    24 ||   246
Block: Buckler           |    18 |    22 |   123 |    15 ||   178
